AoeStats
← Iron

Arabia

510277015Analyzed
1v1 RM · 1d ago on Sep 30, 2026· 31m 2s· 2 players
Game mode
Random Map
Map size
Tiny (2 player)
Population
200
Speed
Normal
Resources
Standard
Victory
Conquest
Starting age
Dark Age
Ending age
Imperial Age
RankedLock teamsTeams togetherTeam positionsShared explorationLock speedFull tech treeHidden civsTurbo modeCheats
Victory
Defeat
🇹🇼 Wu · Taiwan
1588
+14
🇳🇴 Magyars · Norway
1534
-14
Iron
6:14 Loom
8:43 Feudal Age
8:54 Man-at-Arms
18:06 Fletching
23:01 Castle Age
21:24 Double-Bit Axe
21:21 Horse Collar
22:00 Scale Mail Armor
21:56 Arson
23:09 Forging
23:23 Long Swordsman
24:04 Squires
24:33 Chain Mail Armor
27:47 Pikeman
29:55 Wheelbarrow
29:06 Town Watch
30:11 Iron Casting
MasterMystery
6:16 Loom
9:05 Feudal Age
10:31 Double-Bit Axe
11:38 Horse Collar
15:43 Scale Barding Armor
16:10 Town Watch
17:48 Bloodlines
18:35 Town Watch
22:05 Wheelbarrow
25:06 Castle Age
24:21 Padded Archer Armor
24:46 Fletching
24:53 Gold Mining
26:00 Bodkin Arrow
26:10 Husbandry
25:42 Light Cavalry
27:30 Hand Cart
27:25 Husbandry
Connection lost

Rejoining the realm…

Still unreachable

The connection could not be restored.

Session expired

The server has moved on; the page needs a fresh start.